 Dungeon Crawl Stone Soup version 0.29-a0-550-g81e455f4c2 (webtiles) character file.

Game seed: 4650005965170395885

605 Lekart the Skirmisher (level 7, 0/60 HPs)
             Began as a Purple Draconian Abyssal Knight on June 5, 2022.
             Was a Priest of Lugonu.
             Slain by a centaur (3 damage)
             ... on level 5 of the Dungeon.
             The game lasted 00:11:10 (5392 turns).

Lekart the Skirmisher (DrAK)                        Turns: 5392, Time: 00:11:10

Health: 0/60       AC:  7    Str: 15      XL:     7   Next: 19%
Magic:  3/10       EV: 12    Int: 10 (11) God:    Lugonu [***...]
Gold:   35         SH:  0    Dex: 11 (13) Spells: 6/6 levels left

rFire   . . .      SeeInvis +   a - +2 hand axe
rCold   . . .      Faith    .   (no shield)
rNeg    + . .      Spirit   .   (body armour unavailable)
rPois   .          Reflect  .   (helmet restricted)
rElec   .          Harm     .   (no cloak)
rCorr   .          Rampage  .   (no gloves)
Will    +....                   p - +0 pair of boots
Stlth   +.........              (no amulet)
HPRegen 0.20/turn               o - ring of see invisible
MPRegen 0.12/turn               m - ring of positive energy

@: no status effects
A: breathe power, AC +6, unfitting armour, cold-blooded
a: Breathe Dispelling Energy, Renounce Religion, Depart the Abyss, Bend Space,
Banish


You were on level 5 of the Dungeon.
You worshipped Lugonu.
Lugonu was most pleased with you.
You visited 1 branch of the dungeon, and saw 5 of its levels.
You visited the Abyss 1 time.

You collected 148 gold pieces.
You spent 113 gold pieces at shops.

Inventory:

Hand Weapons
 a - a +2 hand axe (weapon)
Missiles
 b - 67 stones (quivered)
 d - 4 atropa-tipped darts
 l - a curare-tipped dart
Armour
 p - a +0 pair of boots (worn)
Jewellery
 m - a ring of positive energy (right hand)
 o - a ring of see invisible (left hand)
Wands
 f - a wand of iceblast (3)
 g - a wand of acid (5)
Scrolls
 c - 3 scrolls of fear
 i - a scroll of torment
 j - a scroll of magic mapping
 k - 2 scrolls of enchant armour
 n - a scroll of blinking {unknown}
 r - a scroll of identify
Potions
 e - 2 potions of curing
 h - a potion of flight {unknown}


   Skills:
 + Level 4.6 Fighting
 + Level 4.5 Axes
 + Level 2.5 Throwing
 + Level 3.6 Dodging
 * Level 4.3 Invocations
 + Level 0.3 Evocations


You had 6 spell levels left.
You didn't know any spells.
Your spell library contained the following spells:

 Spells                   Type           Power      Damage    Failure   Level
 Slow                     Hex            0%         N/A       36%         1
 Confusing Touch          Hex            0%         N/A       75%         3
 Gell's Gravitas          Tloc           0%         N/A       75%         3
 Teleport Other           Tloc           0%         N/A       75%         3
 Vampiric Draining        Necr           0%         2d6       75%         3
 Passage of Golubria      Tloc           0%         N/A       98%         4
 Silence                  Hex/Air        0%         N/A       100%        5
 Dispersal                Tloc           0%         N/A       100%        6
 Lehudib's Crystal Spear  Conj/Erth      0%         10d2      100%        8


Dungeon Overview and Level Annotations

Branches:
Dungeon (5/15)
 Temple: D:4-7

Altars:
Hepliaklqana

Shops:
D:4 (!*?*

Annotations:
D:2 exclusion: downstairs


Innate Abilities, Weirdness & Mutations

You can breathe bolts of dispelling energy.
Your rich purple scales are hard. (AC +6)
You cannot fit into any form of body armour.
You are cold-blooded and may be slowed by cold attacks.


Message History

* * * LOW HITPOINT WARNING * * *
The centaur shoots an arrow.
The arrow hits you but does no damage.
You are too injured to fight recklessly!
You feel yourself speed up.
The centaur shoots an arrow.
The arrow misses you.
The centaur shoots an arrow.
The arrow hits you.
* * * LOW HITPOINT WARNING * * *
You feel yourself slow down. The arrow freezes you.
* * * LOW HITPOINT WARNING * * *
You feel better.
The centaur unwields a +0 shortbow of freezing.
The centaur completely misses you. The centaur barely misses you.
You barely miss the centaur.
You feel yourself speed up.
The centaur barely misses you. x4; The centaur hits you.
* * * LOW HITPOINT WARNING * * *
The centaur kicks you but does no damage.
You hit the centaur.
The centaur is lightly wounded.
The centaur hits you.
* * * LOW HITPOINT WARNING * * *
The centaur kicks you but does no damage.
Okay, then.
You barely miss the centaur.
The centaur is lightly wounded.
The centaur closely misses you. The centaur misses you.
The centaur hits you but does no damage.
The centaur kicks you but does no damage.
Unknown command.
You barely miss the centaur.
The centaur is lightly wounded.
The centaur hits you.
* * * LOW HITPOINT WARNING * * *
The centaur kicks you but does no damage.
You hit the centaur but do no damage.
The centaur is lightly wounded.
The centaur closely misses you.
The centaur kicks you but does no damage.
The centaur hits you.
You die...

.....# #...+ ... ..
.....# #...###.## .....
.....###........## .....
..........#...#..##.....
..........##..#.........
..........##............
.##.......##............
.##.##...###..#.........
..####....##..#.@c...##
.## #...####..###....#
.# ##...# ### #...# ##
##.## .... # .# ... .#
## .# ## # #


You could see a centaur.

Vanquished Creatures
  2 black bears (D:4)
  A scorpion (D:4)
  Natasha (thrice) (D:2)
  2 orc wizards (D:4)
  Robin (D:2)
  4 gnolls (D:3)
  An adder (D:2)
  A white imp (D:5)
  3 worms
  3 dart slugs
  6 orcs (D:4)
  7 bats
  6 endoplasms
  4 giant cockroaches
  11 goblins
  13 hobgoblins
  3 jackals (D:1)
  3 kobolds
  5 quokkas
  9 ball pythons
  2 frilled lizards
  3 rats
93 creatures vanquished.

Vanquished Creatures (others)
  3 plants (D:3)
3 creatures vanquished.

Grand Total: 96 creatures vanquished

Notes
Turn   | Place    | Note
-------+----------+-------------------------------------------
     0 | Abyss:1  | Lekart the Draconian Abyssal Knight began the quest for the
                  | Orb.
     0 | Abyss:1  | Reached XP level 1. HP: 19/19 MP: 2/2
    70 | Abyss:2  | Noticed a large abomination
    72 | D:1      | Escaped the Abyss
   247 | D:1      | Reached ** piety under Lugonu
   489 | D:1      | Reached XP level 2. HP: 24/26 MP: 3/3
  1225 | D:1      | Reached XP level 3. HP: 29/33 MP: 4/4
  1584 | D:2      | Reached skill level 1 in Throwing
  1898 | D:2      | Reached XP level 4. HP: 40/40 MP: 6/6
  1905 | D:2      | Noticed Natasha
  1910 | D:2      | Killed Natasha
  1917 | D:2      | Noticed Robin
  1920 | D:2      | Reached *** piety under Lugonu
  2317 | D:2      | Killed Robin
  3092 | D:2      | Noticed Natasha
  3106 | D:2      | Killed Natasha
  3107 | D:2      | Reached XP level 5. HP: 14/46 MP: 7/7
  3370 | D:2      | Noticed Natasha
  3375 | D:2      | Killed Natasha
  3419 | D:3      | Found a hazy altar of Hepliaklqana.
  4322 | D:3      | Found a faded altar of an unknown god.
  4461 | D:4      | Found Qaurumu's Magic Scroll Shoppe.
  4487 | D:4      | Found Giuvob's General Store.
  4597 | D:4      | Bought 4 atropa-tipped darts for 33 gold pieces
  4726 | D:4      | Found Beasoen's Overcharged Wands.
  4786 | D:4      | Noticed a black bear
  4793 | D:4      | Killed a black bear
  4794 | D:4      | Reached XP level 6. HP: 39/53 MP: 8/8
  4891 | D:4      | Found Kiomuja's Antique Weapon Boutique.
  4913 | D:4      | Your scales start taking on a rich purple colour.
  4913 | D:4      | Reached XP level 7. HP: 42/60 MP: 10/10
  5010 | D:4      | Found Fymola's Distillery.
  5027 | D:4      | Bought a potion of heal wounds for 50 gold pieces
  5027 | D:4      | Bought a potion of curing for 30 gold pieces
  5316 | D:5      | Entered Level 5 of the Dungeon
  5391 | D:5      | HP: 3/60 [centaur (4)]
  5392 | D:5      | Slain by a centaur

Illustrated notes

Levels and vault maps discovered:
D:1:      elethiomel_arrival_quiet, layout_basic
D:2:      layout_loops_corners, uniq_natasha, uniq_robin
D:3:      layout_rooms, nicolae_hepliaklqana_hazy_memory,
          shapermc_ecumenical_altar_mp_highgroup
D:4:      layout_rooms, serial_shops, nicolae_shop_stone,
          nicolae_shop_statue_plus, nicolae_shop_crystal,
          nicolae_shop_waterfront, nicolae_shop_overcharged_wands
D:5:      nicolae_cairo_tiling_large, layout_cave_pools, grunt_ministairs_7,
          kennysheep_generic_room_12, uniq_blork_the_orc

Skill      XL: |  1  2  3  4  5  6 |
---------------+-------------------+-----
Throwing       | 1 2 |  2.5
Fighting       | 4 |  4.6
Invocations    | 3 4 |  4.3
Axes           | 3 4 |  4.5
Dodging        | 3 |  3.6
Evocations     | |  0.3

Action                   |  1- 3 |  4- 6 |  7- 9 || total
-------------------------+-------+-------+-------++-------
Melee: Hand axe          |    69 |   148 |    28 ||   245
       Punch             |     1 |       |     1 ||     2
       Tailslap          |     8 |    18 |     3 ||    29
Throw: Stone             |    94 |    64 |       ||   158
       Dart              |     8 |     7 |       ||    15
Invok: Depart the Abyss  |     1 |       |       ||     1
       Bend Space        |       |     1 |       ||     1
       Banish            |       |       |     2 ||     2
Evoke: Wand              |       |     4 |       ||     4
  Use: Scroll            |       |     8 |       ||     8
       Potion            |       |     5 |     3 ||     8
 Stab: Sleeping          |       |     1 |     1 ||     2
Armor: Skin              |    35 |    57 |    13 ||   105
Dodge: Dodged            |    80 |   137 |    25 ||   242

Table legend: (Time is in decaauts)
 A = Elapsed time spent in this place.
 B = Non-inter-level travel time spent in this place.
 C = Inter-level travel time spent in this place.
 D = Time resting spent in this place.
 E = Time spent auto-exploring this place.
 F = Levels seen in this place.
 G = Mean time per level.
                   A        B        C        D        E       F      G
               +--------+--------+--------+--------+--------+-----+--------+
         Total |   5447 |   5333 |    114 |   1078 |   3354 |   7 |  778.1 |
       Dungeon |   5375 |   5261 |    114 |   1078 |   3321 |   5 | 1075.0 |
         Abyss |     71 |     71 |      0 |      0 |     33 |   2 |   35.5 |
               +--------+--------+--------+--------+--------+-----+--------+

Top non-repeatable levels by time:
     D:2: 1926 daAuts
     D:1: 1756 daAuts
     D:4: 864 daAuts
     D:3: 747 daAuts
     D:5: 80 daAuts
 Abyss:1: 37 daAuts
 Abyss:2: 34 daAuts
